 Dungeon Crawl Stone Soup version 0.31.0-9-g3a7656b989 (webtiles) character file.

Game seed: 17913454774956450555

295 EnegeticOcto the Ruffian (level 6, 61/61 HPs)
             Began as a Troll Monk on Jan 31, 2024.
             Quit the game on level 3 of the Dungeon.
             The game lasted 00:01:16 (2085 turns).

EnegeticOcto the Ruffian (Troll Monk)               Turns: 2085, Time: 00:01:16

Health: 61/61      AC:  4    Str: 26    XL:     6   Next: 11%
Magic:  5/5        EV: 11    Int:  6    God:
Gold:   79         SH:  0    Dex: 14    Spells: 5/5 levels left

rFire   . .          .
                       - Unarmed
rCold   . . .        c - orb {light}
rNeg    . . .        a - +0 robe
rPois   .            (helmet restricted)
rElec   .            h - scarf {+Inv}
rCorr   .            (gloves unavailable)
SInv    .            (boots unavailable)
Will    .....        (no amulet)
Stlth   +            k - +6 ring of strength
HPRegen 1.10/turn    (no ring)
MPRegen 0.09/turn

%: no passive effects
@: glowing
A: large, unfitting armour, claws 3, regeneration 1, shaggy fur 1, tough skin 1
a: Evoke Invisibility


You were on level 3 of the Dungeon.
You visited 1 branch of the dungeon, and saw 3 of its levels.

You collected 79 gold pieces.

Inventory:

Armour
 a - a +0 robe (worn)
 c - an orb of light (worn)
 h - a scarf of invisibility (worn)
   (You found it on level 1 of the Dungeon)
Jewellery
 k - a +6 ring of strength (left claw)
   (You found it on level 3 of the Dungeon)
Scrolls
 d - a scroll of teleportation {@r3 !r}
 e - a scroll of silence {!r}
 g - a scroll of blinking {@r4}
 i - a scroll of enchant armour {unknown}
 l - a scroll of noise {unknown}
Potions
 b - a potion of ambrosia
 f - 4 potions of curing {unknown}
 j - a potion of mutation {unknown}


   Skills:
 + Level 3.5 Fighting
 + Level 3.5 Dodging
 * Level 5.3 Unarmed Combat


You had 5 spell levels left.
You didn't know any spells.
Your spell library was empty.

Dungeon Overview and Level Annotations

Branches:
Dungeon (3/15) Zot: 15927

Altars:

Annotations:
D:3 2 transporters


Innate Abilities, Weirdness & Mutations

You are too large for most types of armour.
You have claws for hands.
Your natural rate of healing is unusually fast.
You are covered in fur. (AC +1)
You have tough skin. (AC +1)


Message History

The dart slug is almost dead.
The bat hits you but does no damage. The dart slug closely misses you.
You scratch the dart slug but do no damage.
The dart slug is almost dead.
The bat hits you but does no damage.
You scratch the dart slug.
You kill the dart slug!
The bat hits you but does no damage. The adder bites you but does no damage.
The bat closely misses you. The black bear bites you! The black bear claws you.
The black bear barely misses you.
You see here a dart slug corpse.
You claw the black bear!
The black bear is moderately wounded.
The bat closely misses you. The adder bites you but does no damage.
The black bear bites you.
The black bear claws you but does no damage. x2
There are monsters nearby!
There are monsters nearby!
You claw the black bear!
The black bear is almost dead.
The adder bites you but does no damage.
The black bear goes berserk!
The adder closely misses you. The bat barely misses you.
You claw the black bear!
You kill the black bear!
The bat barely misses you. The adder bites you but does no damage.
Your Unarmed Combat skill increases to level 5!
You have reached level 6!
You feel stronger.
You claw the adder!
You kill the adder!
The bat barely misses you.
You barely miss the bat. The bat closely misses you.
The bat hits you but does no damage. The bat hits you.
The bat hits you but does no damage.
You claw the bat!
You kill the bat!
No reachable target in view!
No reachable target in view!
No reachable target in view!
No reachable target in view!
No reachable target in view!
No reachable target in view!
You now have 79 gold pieces (gained 8).
f - 4 brown potions (gained 2)
Found a stone staircase leading down.
There is a stone staircase leading down here.
You open the door.
There is an open door here.
There is an open door here.
As you open the door, it creaks loudly!
You hear a shout!
A goblin comes into view. It is wielding a +0 dagger.
The goblin shouts!
There is an open door here.
A goblin is nearby!
A goblin is nearby!
The goblin hits you but does no damage.
You claw the goblin!
You kill the goblin!
No target in view!
No target in view!
No target in view!
No target in view!
No target in view!
You see here a giant cockroach corpse.
Found a stone staircase leading down.
l - a scroll labelled MIMI ZYNULOTS As you open the door, it creaks loudly!
No target in view!
No target in view!
No target in view!
No target in view!
No target in view!
No target in view!
No target in view!
No target in view!
There is an open door here.
There is an open door here.
There is a stone staircase leading down here.
The gnoll shouts!
You hear a shout! x3
Found a dagger.
Found a transporter.
The gnoll shouts!
The gnoll shouts!
Partly explored, unvisited transporter.
Partly explored, unvisited transporter.
No target in view!
No target in view!
No target in view!
No target in view!
No target in view!
No target in view!
No target in view!
Partly explored, unvisited transporter.
Partly explored, unvisited transporter.
Partly explored, unvisited transporter.
Partly explored, unvisited transporter.
Partly explored, unvisited transporter.
Partly explored, unvisited transporter.
Are you sure you want to abandon this character and quit the game? (Confirm with "yes".)

#..........######
#...............##
...........####..#
.................#
≈≈~≈≈≈≈≈≈≈≈≈≈≈≈..#
≈≈~≈≈≈≈≈≈≈≈≈≈≈≈..#
........#####≈≈..#
#.©.###.#.8.#≈≈..#
#####.###...#≈≈.@#
. ... . ###≈≈..#
##+## # #8.≈≈..#
#.##.≈≈..#
..#.~~..#
.##.≈≈..#
##g###'##.#8.≈≈..#
..........###≈≈..#
#####g###..g#≈≈..#


There were no monsters in sight!

Vanquished Creatures
  A black bear (D:3)
  A scorpion (D:2)
  2 bombardier beetles (D:3)
  4 adders
  2 dart slugs
  A ribbon worm (D:3)
  3 ball pythons
  5 bats
  7 endoplasms
  4 giant cockroaches
  4 goblins
  3 hobgoblins
  2 jackals (D:3)
  A quokka (D:2)
  3 kobolds
  3 rats
46 creatures vanquished.

Notes
Turn   | Place    | Note
-------+----------+-------------------------------------------
     0 | D:1      | EnegeticOcto the Troll Monk began the quest for the Orb.
     0 | D:1      | Reached XP level 1. HP: 22/22 MP: 0/0
   573 | D:1      | Reached XP level 2. HP: 26/29 MP: 1/1
  1128 | D:2      | Noticed a scorpion
  1134 | D:2      | Killed a scorpion
  1135 | D:2      | Reached skill level 4 in Unarmed Combat
  1135 | D:2      | Reached XP level 3. HP: 36/36 MP: 2/2
  1135 | D:2      | Reached XP level 4. HP: 44/44 MP: 3/3
  1141 | D:2      | Reached skill level 3 in Fighting
  1262 | D:2      | Reached skill level 3 in Dodging
  1576 | D:3      | Reached XP level 5. HP: 46/53 MP: 4/4
  1730 | D:3      | Found a transporter.
  1737 | D:3      | Noticed a black bear
  1745 | D:3      | Killed a black bear
  1746 | D:3      | Reached skill level 5 in Unarmed Combat
  1746 | D:3      | Reached XP level 6. HP: 46/61 MP: 5/5
  2051 | D:3      | Found a transporter.
  2085 | D:3      | Quit the game

Illustrated notes

Levels and vault maps discovered:
D:1:      tarquinn_simple_flora_water_d, layout_loops_corners,
          minmay_misc_feat_pillars
D:2:      layout_basic, serial_forest, infiniplex_forest_end_2,
          infiniplex_forest_end_2, infiniplex_forest_clump_small,
          infiniplex_forest_clump_tiny, infiniplex_forest_straight_2,
          infiniplex_forest_end_2, infiniplex_forest_lined_1
D:3:      layout_basic, gammafunk_ghost_gnarly_gnolls, serial_glass,
          glass_columns_a, glass_columns_a, glass_columns_a, glass_columns_a,
          glass_columns_a, glass_columns_a

Skill      XL: |  1  2  3  4  5 |
---------------+----------------+-----
Unarmed Combat | 4 5 |  5.3
Fighting       | 3 |  3.5
Dodging        | 3 |  3.5

Action                     |  1- 3 |  4- 6 || total
---------------------------+-------+-------++-------
  Melee: Unarmed           |    39 |   101 ||   140
    Use: Scroll            |       |     3 ||     3
 Armour: Robe              |    19 |    42 ||    61
  Dodge: Dodged            |    15 |    35 ||    50

Table legend:
 A = Kills in this place as a percentage of kills in the entire game.
 B = Kills by you in this place as a percentage of kills by you in the entire game.
 C = Kills by friends in this place as a percentage of kills by friends in the entire game.
 D = Other kills in this place as a percentage of other kills in the entire game.
 E = Experience gained in this place as a percentage of experience gained in the entire game.
 F = Experience gained in this place divided by the number of levels of this place that you have seen.
                   A       B       C       D       E      F
               +-------+-------+-------+-------+-------+----------------------
         Total | 100.0 | 100.0 |   N/A |   N/A | 100.0 | 140.7
       Dungeon | 100.0 | 100.0 |   N/A |   N/A | 100.0 | 140.7
               +-------+-------+-------+-------+-------+----------------------

Table legend: (Time is in decaauts)
 A = Elapsed time spent in this place.
 B = Non-inter-level travel time spent in this place.
 C = Inter-level travel time spent in this place.
 D = Time resting spent in this place.
 E = Time spent auto-exploring this place.
 F = Levels seen in this place.
 G = Mean time per level.
                   A        B        C        D        E       F      G
               +--------+--------+--------+--------+--------+-----+--------+
         Total |   2072 |   1966 |    106 |      0 |   1665 |   3 |  690.7 |
       Dungeon |   2072 |   1966 |    106 |      0 |   1665 |   3 |  690.7 |
               +--------+--------+--------+--------+--------+-----+--------+

Top non-repeatable levels by time:
     D:1: 828 daAuts
     D:2: 693 daAuts
     D:3: 550 daAuts
